 Dungeon Crawl Stone Soup version 0.30-a0-331-g8ab09dc110 (webtiles) character file.

Game seed: 17846992357734925832

8192 p00ps00p the Fighter (level 11, -4/157 HPs)
             Began as a Hill Orc Fighter on Oct 30, 2022.
             Was an Initiate of Gozag.
             Succumbed to Amaemon's poison
             ... on level 10 of the Dungeon.
             The game lasted 00:28:02 (9398 turns).

p00ps00p the Fighter (Hill Orc Fighter)             Turns: 9398, Time: 00:28:03

Health: -4/157     AC: 29    Str: 26    XL:     11   Next: 27%
Magic:  11/11      EV:  2    Int:  8    God:    Gozag
Gold:   353        SH: 10    Dex: 14    Spells: 10/10 levels left

rFire   . . .      SeeInvis .    i - +4 broad axe (chaos)
rCold   . . .      Faith    .    c - +0 buckler
rNeg    . . .      Spirit   .    (body armour currently unavailable)
rPois   +          Reflect  +    (helmet currently unavailable)
rElec   .          Harm     .    (cloak currently unavailable)
rCorr   .          Rampage  .    (gloves currently unavailable)
Will    .....      NoTele   +    (boots currently unavailable)
Stlth   +.........               p - amulet of reflection
HPRegen 0.46/turn                b - +4 ring of protection
MPRegen 0.12/turn                r - +6 ring of strength

@: lethally poisoned (-4 -> -27), tree-form, weakened, gold aura
A: stationary, stasis, torment immunity, boosted hp
a: Renounce Religion, Potion Petition, Call Merchant, Bribe Branch


You were on level 10 of the Dungeon.
You worshipped Gozag.
Gozag was aware of your devotion.
You were a tree.
You visited 2 branches of the dungeon, and saw 11 of its levels.

You collected 886 gold pieces.
You spent 364 gold pieces at shops.
You paid 169 gold pieces to Gozag.

Inventory:

Hand Weapons
 a - a +0 vorpal war axe
 i - a +4 broad axe of chaos (weapon)
 k - a +0 war axe of freezing
 o - a +0 dagger of flaming
Missiles
 j - 23 poisoned darts (quivered)
 E - 7 curare-tipped darts
Armour
 c - a +0 buckler (worn)
 v - the +2 hat of Magic (melded) {rElec rC- Int+8}
   (You found it on level 4 of the Dungeon)

   Int:       It affects your intelligence (+8).
   rC:        It makes you vulnerable to cold.
   rElec:     It insulates you from electricity.
 J - the +8 ice dragon scales of the Nine Leylines (melded) {Rampage rF- rC++ Dex+3}
   (You found it on level 6 of the Dungeon)

   Dex:       It affects your dexterity (+3).
   rF:        It makes you vulnerable to fire.
   rC:        It greatly protects you from cold.
   Rampage:   It bestows one free step when moving towards enemies.
 L - a +2 cloak (melded)
Jewellery
 b - a +4 ring of protection (left branch)
 g - a ring of protection from fire
 n - a ring of protection from fire
 p - an amulet of reflection (around neck)
 r - a +6 ring of strength (right branch)
 G - an amulet of reflection
Wands
 A - a wand of paralysis (9)
 F - a wand of polymorph (9)
 H - a wand of flame (18)
 K - a wand of iceblast (22)
Scrolls
 e - 2 scrolls of fog
 l - 2 scrolls of fear
 m - a scroll of enchant weapon {unknown}
 s - 2 scrolls of silence
 t - a scroll of poison {unknown}
 y - a scroll of blinking {unknown}
 B - 2 scrolls of amnesia {unknown}
 I - 2 scrolls of magic mapping {unknown}
Potions
 d - a potion of might
 f - 3 potions of degeneration
 h - a potion of flight {unknown}
 u - 2 potions of magic
 w - a potion of haste {unknown}
 x - 3 potions of brilliance
 z - a potion of lignification
 C - a potion of mutation {unknown}
 M - a potion of invisibility {unknown}


   Skills:
 - Level 12.6 Fighting
 + Level 12.6 Axes
 - Level 11.4 Armour
 - Level 3.2 Shields


You had 10 spell levels left.
You didn't know any spells.
Your spell library contained the following spells:

 Spells                   Type           Power      Damage    Failure   Level
 Apportation              Tloc           0%         N/A       50%         1
 Freeze                   Ice            0%         1d3       50%         1
 Magic Dart               Conj           0%         1d3       50%         1
 Slow                     Hex            0%         N/A       50%         1
 Sting                    Tmut/Pois      0%         1d3       50%         1
 Call Imp                 Summ           0%         N/A       65%         2
 Poisonous Vapours        Pois/Air       0%         N/A       65%         2
 Confusing Touch          Hex            0%         N/A       86%         3
 Frozen Ramparts          Ice            0%         1d1       86%         3
 Hailstorm                Conj/Ice       0%         3d3       86%         3
 Mephitic Cloud           Conj/Pois/Air  0%         N/A       86%         3
 Ozocubu's Armour         Ice            0%         N/A       86%         3
 Portal Projectile        Hex/Tloc       0%         N/A       86%         3
 Tukima's Dance           Hex            0%         N/A       86%         3
 Vampiric Draining        Necr           0%         2d6       86%         3
 Olgreb's Toxic Radiance  Pois           0%         N/A       99%         4
 Alistair's Intoxication  Tmut/Pois      0%         N/A       100%        5
 Blade Hands              Tmut           0%         N/A       100%        5
 Borgnjor's Vile Clutch   Necr/Erth      0%         N/A       100%        5
 Metabolic Englaciation   Hex/Ice        0%         N/A       100%        5
 Eringya's Noxious Bog    Tmut/Pois      0%         N/A       100%        6
 Simulacrum               Ice/Necr       Unusable   N/A       N/A         6

Dungeon Overview and Level Annotations

Branches:
Dungeon (10/15)            Temple (1/1) D:4            Lair (0/5) D:9
    Orc: D:9-12

Altars:
Ashenzari
Cheibriados
Dithmenos
Elyvilon
Fedhas
Gozag
Hepliaklqana
Kikubaaqudgha
Makhleb
Nemelex Xobeh
Okawaru
Qazlal
Ru
Sif Muna
Trog
Uskayaw
Vehumet
Wu Jian
Xom
Yredelemnul
Zin
The Shining One

Shops:
D:8 (!!=*

Annotations:
D:10 Amaemon


Message History

Amaemon hits you with a +0 demon whip of venom.
* * * LOW HITPOINT WARNING * * *
You are more poisoned.
You block Amaemon's attack. x2
You slash Amaemon! You freeze Amaemon.
Amaemon is severely wounded.
* * * LOW HITPOINT WARNING * * *
You feel extremely sick. Amaemon hits you but does no damage.
Amaemon claws you.
* * * LOW HITPOINT WARNING * * *
You block Amaemon's attack.
You slash Amaemon! You drain Amaemon.
Amaemon is almost dead.
* * * LOW HITPOINT WARNING * * *
You feel very sick. Amaemon hits you but does no damage.
You are lethally poisoned!
Amaemon barely misses you. Amaemon completely misses you.
You barely miss Amaemon.
Amaemon is almost dead.
* * * LOW HITPOINT WARNING * * *
You feel very sick.
Amaemon casts a spell.
You barely miss Amaemon.
Amaemon is almost dead.
You slash the scorpion! You burn the scorpion.
* * * LOW HITPOINT WARNING * * *
You feel very sick.
Amaemon hits you with a +0 demon whip of venom.
* * * LOW HITPOINT WARNING * * *
You are more poisoned.
Amaemon claws you but does no damage. You block Amaemon's attack.
The scorpion barely misses you.
It was a potion of lignification.
You turn into a tree.
Your +2 cloak melds into your body.
The +2 hat of Magic {rElec rC- Int+8} melds into your body.
The +8 ice dragon scales of the Nine Leylines {Rampage rF- rC++ Dex+3} melds into your body.
Your roots penetrate the ground.
You die...
Your body crumbles into a pile of gold.

##############
#...........$.
#.!........(..
#.............
#.............
#........'.####............#
.......#...##.)..........#


You could see Amaemon (agile, drained) and 2 scorpions.

Vanquished Creatures
  Josephine (D:10)
  Nergalle (D:10)
  Pikel (D:8)
  Joseph (D:8)
  An orange demon (D:10)
  A hornet (D:8)
  2 trolls
  4 wraiths (D:10)
  Sigmund (D:4)
  5 yaks
  2 wyverns (D:9)
  A steam dragon (D:10)
  Edmund (D:4)
  An acid dragon (D:9)
  2 orc warriors
  A sky beast (D:8)
  A black bear (D:5)
  7 centaurs
  2 lemures (D:8)
  A phantom (D:4)
  2 kobold brigands
  4 bullfrogs
  A gnoll sergeant (D:9)
  2 scorpions (D:6)
  6 wights
  3 killer bees (D:8)
  2 hounds
  6 jellies
  4 orc priests
  Crazy Yiuf (D:7)
  A gnoll bouda (D:8)
  3 iguanas
  8 orc wizards
  Natasha (twice) (D:4)
  7 gnolls
  3 adders
  2 shadow imps
  An ufetubus (D:6)
  A worm (D:3)
  3 dart slugs
  29 orcs
  A bat (D:1)
  8 endoplasms
  4 giant cockroaches
  6 hobgoblins
  19 kobolds
  5 quokkas
  6 ball pythons
  4 frilled lizards
  6 goblins
  11 rats
198 creatures vanquished.

Vanquished Creatures (others)
  Maurice (D:8)
  Psyche (D:8)
2 creatures vanquished.

Grand Total: 200 creatures vanquished

Notes
Turn   | Place    | Note
-------+----------+-------------------------------------------
     0 | D:1      | p00ps00p the Hill Orc Fighter began the quest for the Orb.
     0 | D:1      | Reached XP level 1. HP: 19/19 MP: 1/1
   127 | D:1      | Reached XP level 2. HP: 27/27 MP: 2/2
   547 | D:1      | Reached skill level 5 in Fighting
   547 | D:1      | Reached XP level 3. HP: 36/36 MP: 3/3
  1542 | D:3      | Reached XP level 4. HP: 42/44 MP: 4/4
  1821 | D:3      | Reached XP level 5. HP: 51/51 MP: 5/5
  2109 | D:4      | Noticed a phantom
  2127 | D:4      | Killed a phantom
  2262 | D:4      | Noticed Sigmund
  2267 | D:4      | Killed Sigmund
  2268 | D:4      | Reached XP level 6. HP: 57/62 MP: 6/6
  2344 | D:4      | Noticed Edmund
  2363 | D:4      | HP: 3/62 [poisoned by Edmund]
  2366 | D:4      | HP: 1/62 [poisoned by Edmund]
  2676 | D:4      | Found a staircase to the Ecumenical Temple.
  2687 | Temple   | Entered the Ecumenical Temple
  2894 | D:4      | Killed Edmund
  2895 | D:4      | Reached XP level 7. HP: 52/70 MP: 7/7
  3241 | D:4      | Noticed Natasha
  3253 | D:4      | Killed Natasha
  3299 | D:4      | Identified the +2 hat of Magic {rElec rC- Int+8}
  3366 | D:4      | Noticed Natasha
  3372 | D:4      | Killed Natasha
  3373 | D:4      | Reached skill level 10 in Fighting
  3467 | D:5      | Entered Level 5 of the Dungeon
  4392 | D:6      | Reached XP level 8. HP: 76/82 MP: 8/8
  4685 | D:6      | Identified the +8 ice dragon scales of the Nine Leylines
                  | {Rampage rF- rC++ Dex+3}
  5945 | D:7      | Reached skill level 5 in Armour
  6059 | D:7      | Found a runed translucent door.
  6060 | D:7      | Noticed Crazy Yiuf
  6067 | D:7      | Killed Crazy Yiuf
  6214 | D:8      | Found Asygocuc's General Store.
  6236 | D:8      | Reached XP level 9. HP: 82/92 MP: 9/9
  6484 | D:8      | Found Emeugu's Distillery.
  6529 | D:8      | Found Cobb's Weapon Boutique.
  6560 | D:8      | Noticed Pikel
  6560 | D:8      | Noticed Psyche
  6584 | D:8      | Killed Pikel
  6601 | D:8      | Killed Psyche
  6655 | D:8      | Noticed a hornet
  6663 | D:8      | Paralysed by a hornet for 1 turns
  6664 | D:8      | Killed a hornet
  6882 | D:8      | Noticed a troll
  6891 | D:8      | Killed a troll
  6892 | D:8      | Reached skill level 10 in Armour
  6962 | D:8      | Found Ylyatul's Distillery.
  7000 | D:8      | Noticed Maurice
  7010 | D:8      | Found Pefuhush's Jewellery Boutique.
  7040 | D:8      | Killed Maurice
  7041 | D:8      | Reached XP level 10. HP: 84/100 MP: 10/10
  7043 | D:8      | Noticed Joseph
  7051 | D:8      | Paralysed by a wight for 5 turns
  7058 | D:8      | Paralysed by a wight for 3 turns
  7064 | D:8      | Paralysed by a wight for 3 turns
  7082 | D:8      | Killed Joseph
  7445 | D:8      | Bought a +4 vorpal broad axe for 364 gold pieces
  7547 | Temple   | Became a worshipper of Gozag Ym Sagoz the Greedy
  7675 | D:9      | Found an iron altar of Okawaru.
  7808 | D:9      | Found a shadowy altar of Dithmenos.
  7809 | D:9      | Found a bloodstained altar of Trog.
  7809 | D:9      | Found a broken altar of Ashenzari.
  7810 | D:9      | Found a hazy altar of Hepliaklqana.
  7812 | D:9      | Found a white marble altar of Elyvilon.
  7897 | D:9      | Reached skill level 5 in Axes
  8009 | D:9      | Found a staircase to the Lair.
  8555 | D:9      | Found a shimmering altar of Xom.
  8657 | D:10     | Entered Level 10 of the Dungeon
  8770 | D:10     | Noticed Nergalle
  8786 | D:10     | Killed Nergalle
  8787 | D:10     | Reached skill level 10 in Axes
  8787 | D:10     | Reached XP level 11. HP: 105/105 MP: 11/11
  8825 | D:10     | Noticed Amaemon
  8825 | D:10     | Noticed Josephine
  8931 | D:10     | Killed Josephine
  9397 | D:10     | HP: 1/105 [Amaemon/+0 demon whip of venom (5)]
  9398 | D:10     | Succumbed to Amaemon's poison

Illustrated notes

Levels and vault maps discovered:
D:1:      co_arrival_random_square_maze, layout_basic
D:2:      layout_loops_cross
D:3:      layout_basic
D:4:      layout_basic, minmay_temple_entry_stoned_glass, uniq_edmund,
          uniq_natasha, uniq_sigmund
D:5:      layout_basic
D:6:      layout_loops_cross, grunt_ministairs_7
D:7:      layout_basic, uniq_crazy_yiuf_cottage
D:8:      layout_cave_pools, serial_shops, shop, shop_statue,
          nicolae_inconvenience_store, nicolae_shop_advertising_works
          [nicolae_subvault_shop_adworks], nicolae_shop_trees, uniq_psyche,
          uniq_maurice, uniq_pikel, uniq_joseph
D:9:      layout_loops_ring, marbit_many_paths, mainiacjoe_overflow_chevrons,
          minitemple, lair_entry_dummy
D:10:     layout_roguey [special_room_kobold], serial_ice, serial_ice_c,
          serial_ice_h, serial_ice_f, serial_ice_l, centaur_isle, uniq_amaemon,
          uniq_nergalle, uniq_josephine
Temple:   bh_familiar_temple

Skill      XL: |  1  2  3  4  5  6  7  8  9 10 11 |
---------------+----------------------------------+-----
Fighting       | 4 5 6 8 9 11 12 | 12.6
Armour         | 6 10 11 | 11.4
Axes           | 10 12 | 12.6
Shields        | |  3.2

Action                   |  1- 3 |  4- 6 |  7- 9 | 10-12 || total
-------------------------+-------+-------+-------+-------++-------
Melee: War axe           |   104 |    87 |   262 |    26 ||   479
       Unarmed           |       |       |    32 |       ||    32
       Broad axe         |       |       |       |   120 ||   120
Throw: Dart              |       |       |     1 |       ||     1
  Use: Scroll            |       |     7 |    10 |     6 ||    23
       Potion            |       |     1 |     2 |     6 ||     9
 Stab: Confused          |       |       |     1 |       ||     1
Armor: Scale mail        |    45 |       |       |       ||    45
       Quicksilver drago |    10 |    39 |    87 |       ||   136
       Ice dragon scales |       |       |   100 |   141 ||   241
       Skin              |       |       |    19 |       ||    19
Dodge: Dodged            |    59 |    44 |   141 |    92 ||   336
Block: Buckler           |    27 |    30 |   165 |   135 ||   357
       Reflection        |       |     4 |    10 |    14 ||    28
       Other             |       |       |    18 |       ||    18

Table legend: (Time is in decaauts)
 A = Elapsed time spent in this place.
 B = Non-inter-level travel time spent in this place.
 C = Inter-level travel time spent in this place.
 D = Time resting spent in this place.
 E = Time spent auto-exploring this place.
 F = Levels seen in this place.
 G = Mean time per level.
                   A        B        C        D        E       F      G
               +--------+--------+--------+--------+--------+-----+--------+
         Total |   9631 |   9083 |    548 |    844 |   5882 |  11 |  875.5 |
       Dungeon |   9401 |   8914 |    487 |    844 |   5721 |  10 |  940.1 |
        Temple |    230 |    169 |     61 |      0 |    161 |   1 |  230.0 |
               +--------+--------+--------+--------+--------+-----+--------+

Top non-repeatable levels by time:
     D:8: 1311 daAuts
     D:4: 1262 daAuts
     D:6: 1113 daAuts
     D:9: 992 daAuts
     D:5: 964 daAuts
     D:7: 853 daAuts
     D:1: 813 daAuts
    D:10: 755 daAuts
     D:2: 700 daAuts
     D:3: 634 daAuts
  Temple: 230 daAuts
